Map: Lost and Found LE

Players

NeebEnciO - Winner!

  • Race: Protoss Protoss
  • League: Master
  • Spawn Location: 7:00

KafKa

  • Race: Zerg Zerg
  • League: Master
  • Spawn Location: 1:00

VOD

Have the link to the VOD?

Description

Time

  • Played on: May 31, 2018, 11:55 p.m.
  • Length: 13:27
Show
View Real Time Build Order
Export as new Build Order

NeebEnciO Protoss - Winner!

Build Orders:  

Get SALT Encoding   

  12  0:06  Probe  
  13  0:18  Probe  
  14  0:23  Pylon  
  14  0:28  Pylon  
  14  0:34  Probe  
  15  0:46  Probe  
  16  0:53  Forge  
  16  0:56  Gateway  
  16  0:58  Probe  
  17  1:06  Probe  
  18  1:26  Pylon  
  18  1:37  Pylon  
  18  1:56  Photon Cannon  
  18  1:57  Gateway  
  18  1:59  Gateway  
  18  2:02  Photon Cannon  
  18  2:06  Pylon  
  17  2:10  Assimilator  
  17  2:14  Assimilator  
  17  2:21  Photon Cannon  
  17  2:31  Zealot  
  17  2:36  Photon Cannon  
  17  2:37  Pylon  
  19  2:51  Cybernetics Core  
  19  3:11  Pylon  
  19  3:16  Probe  
  19  3:24  Probe  
  20  3:34  Probe, Stalker  
  23  3:40  Shield Battery  
  24  3:57  Photon Cannon  
  24  4:00  Probe  
  22  4:08  Probe  
  23  4:16  Probe  
  25  4:24  Robotics Facility  
  25  4:40  Probe  
  26  4:46  Shield Battery  
  26  5:01  Immortal  
  30  5:23  Robotics Bay  
  30  5:38  Nexus  
  34  5:57  Immortal  
  34  6:26  Disruptor  
  34  6:29  Pylon  
  33  6:43  Stalker x2  
  37  6:48  Shield Battery  
  37  6:53  Photon Cannon  
  37  6:54  Shield Battery  
  37  6:56  Photon Cannon  
  37  7:09  Disruptor  
  40  7:33  Probe  
  40  7:35  Probe  
  42  7:44  Disruptor  
  42  7:45  Probe  
  42  7:47  Probe  
  47  7:57  Probe  
  48  8:09  Probe  
  49  8:27  Disruptor  
  52  9:02  Disruptor  
  55  9:37  Assimilator  
  53  9:44  Stargate  
  53  9:45  Assimilator, Stargate  
  53  9:48  Stargate  
  53  9:49  Stargate  
  53  10:24  Disruptor  
  62  10:50  Phoenix x2  
  62  10:51  Phoenix x2  
  53  11:00  Probe  
  54  11:08  Probe  
  49  11:26  Void Ray  
  49  11:28  Probe  
  54  11:40  Probe  
  55  12:14  Pylon  
  55  12:33  Pylon  
  55  12:35  Pylon  
  55  12:53  Probe  
  60  13:05  Probe  
Show
View Real Time Build Order
Export as new Build Order

KafKa Zerg 

Build Orders: Hatch First 

Get SALT Encoding   

  12  0:00  Drone  
  13  0:13  Overlord  
  13  0:17  Drone  
  14  0:31  Drone x2  
  16  0:49  Hatchery  
  15  0:51  Drone  
  15  0:55  Drone  
  17  1:10  Spawning Pool  
  16  1:12  Drone  
  17  1:22  Drone  
  18  1:57  Zergling x6  
  21  2:08  Spine Crawler  
  21  2:11  Drone x2  
  21  2:15  Queen  
  24  2:18  Queen  
  25  2:31  Drone x2  
  25  2:35  Spine Crawler  
  25  2:36  Drone  
  27  2:44  Overlord  
  27  2:48  Spine Crawler  
  26  2:59  Drone  
  27  3:08  Drone  
  27  3:09  Drone x2  
  30  3:14  Spine Crawler  
  30  3:19  Overlord  
  29  3:20  Drone  
  29  3:21  Drone x2  
  32  3:35  Drone x3  
  32  3:39  Drone, Extractor  
  32  3:40  Extractor  
  34  3:46  Spine Crawler  
  33  3:49  Drone x2, Spine Crawler  
  33  3:53  Roach Warren  
  33  3:55  Drone  
  34  4:02  Drone  
  35  4:03  Drone x3  
  35  4:09  Overlord  
  38  4:18  Drone x2  
  38  4:23  Extractor  
  39  4:24  Drone x3  
  39  4:28  Drone x2  
  44  4:38  Overlord  
  44  4:40  Roach  
  46  4:46  Roach  
  46  4:47  Roach  
  46  4:52  Spore Crawler  
  49  4:53  Roach  
  49  4:55  Overlord x2  
  51  5:00  Roach  
  51  5:01  Roach, Extractor, Ravager  
  51  5:06  Roach  
  57  5:12  Ravager x2  
  59  5:15  Roach  
  59  5:19  Drone  
  62  5:23  Ravager  
  63  5:30  Drone  
  63  5:31  Drone x3  
  63  5:33  Ravager  
  69  5:50  Ravager x2  
  69  5:55  Drone  
  69  5:56  Drone x5  
  76  6:15  Overlord  
  76  6:16  Overlord  
  76  6:22  Overlord x2  
  76  6:26  Spine Crawler  
  76  6:28  Spine Crawler x2  
  70  6:40  Overlord  
  70  6:46  Lair  
  70  6:53  Drone  
  70  6:54  Drone x5, Queen  
  69  7:19  Zergling x10  
  69  7:20  Zergling x2  
  74  7:27  Roach x2  
  74  7:28  Roach  
  78  7:30  Queen  
  78  7:34  Ravager  
  78  7:36  Roach x2  
  85  7:38  Metabolic Boost  
  80  7:52  Ravager x3  
  80  7:55  Roach x6  
  86  8:06  Queen  
  86  8:08  Spine Crawler  
  86  8:09  Spine Crawler  
  79  8:24  Ravager x3  
  79  8:27  Overlord  
  82  8:30  Spire  
  72  8:42  Roach x10  
  92  8:50  Roach  
  92  8:55  Roach  
  88  9:04  Ravager x3  
  88  9:05  Queen  
  88  9:06  Queen  
  88  9:08  Roach  
  88  9:09  Roach x4  
  90  9:18  Roach x2  
  90  9:19  Roach  
  94  9:25  Spine Crawler  
  94  9:27  Spine Crawler x2  
  94  9:29  Spine Crawler  
  94  9:31  Roach x4  
  90  9:41  Queen  
  90  9:42  Roach x4  
  100  9:51  Mutalisk x2, Nydus Network  
  93  10:08  Roach x5, Spine Crawler  
  93  10:10  Spine Crawler  
  90  10:21  Ravager x2  
  74  10:31  Nydus Canal  
  74  10:41  Mutalisk x2  
  76  11:05  Mutalisk  
  77  11:18  Nydus Canal  
  77  11:31  Mutalisk  
  79  11:42  Hatchery  
  74  11:57  Spore Crawler  
  73  12:02  Mutalisk x2  
  75  12:10  Spore Crawler  
  74  12:27  Hatchery  
  73  12:36  Drone  
  73  12:37  Drone x2  
Tags
 
Add a new tag
Caveats
  • Supply blocks, unpowered buildings, or Contaminate may cause inaccurate times.
  • Supply counts are checked every 10 seconds.